 Dungeon Crawl Stone Soup version 0.29.0-15-g675c0067aa (webtiles) character file.

Game seed: 17060387889801815683

43949 qw the Severer (level 13, -12/118 HPs)
             Began as a Minotaur Berserker on Sept 12, 2022.
             Was an Elder of Trog.
             Mangled by a death yak (19 damage)
             ... on level 5 of the Lair of Beasts.
             The game lasted 00:06:11 (18488 turns).

qw the Severer (Minotaur Berserker)                Turns: 18488, Time: 00:06:12

Health: -12/118    AC: 25    Str: 26    XL:     13   Next: 93%
Magic:  12/12      EV:  8    Int:  2    God:    Trog [****..]
Gold:   924        SH: 17    Dex: 11    Spells: 12/12 levels left

rFire   . . .      SeeInvis +   f - +5 broad axe "Xuatusit" {vorpal, rElec rN+ SInv}
rCold   + . .      Faith    .   h - +0 kite shield
rNeg    + + .      Spirit   .   s - +2 plate armour {rC+}
rPois   .          Reflect  +   x - +1 hat
rElec   +          Harm     .   u - +1 cloak
rCorr   .          Rampage  .   p - +1 pair of gloves
Will    .....                   A - +0 pair of boots
Stlth   ..........              y - amulet of reflection
HPRegen 0.29/turn               (no ring)
MPRegen 0.13/turn               k - ring of positive energy

@: on berserk cooldown, slowed, very slow
A: horns 2, retaliatory headbutt, dopey 1, electricity resistance
a: Renounce Religion, Berserk, Trog's Hand, Brothers in Arms


You were on level 5 of the Lair of Beasts.
You worshipped Trog.
Trog was greatly pleased with you.
You visited 2 branches of the dungeon, and saw 16 of its levels.

You collected 1074 gold pieces.
You spent 150 gold pieces at shops.


Innate Abilities, Weirdness & Mutations

You have a pair of horns on your head.
You reflexively headbutt those who attack you in melee.
You are dopey. (Int -2)
You are resistant to electric shocks. (rElec)


   Skills:
 + Level 12.1 Fighting
 - Level 18.0 Axes
 - Level 5.2 Throwing
 - Level 13.4 Armour
 - Level 5.0 Dodging
 - Level 13.2 Shields


You had 12 spell levels left.
You didn't know any spells.
Your spell library was empty.

Inventory:

Hand Weapons
 f - the +5 broad axe "Xuatusit" (weapon) {vorpal, rElec rN+ SInv}
   (You found it on level 6 of the Dungeon)

   It inflicts extra damage upon your enemies.
   rElec:     It insulates you from electricity.
   rN:        It protects you from negative energy.
   SInv:      It lets you see invisible.
 q - a +1 war axe of flaming
Missiles
 e - 4 javelins (quivered)
 g - 7 boomerangs
Armour
 h - a +0 kite shield (worn)
 p - a +1 pair of gloves (worn)
 s - a +2 plate armour of cold resistance (worn)
 u - a +1 cloak (worn)
 x - a +1 hat (worn)
 z - the quicksilver dragon scales "Voant" {rPois Will+}
   (You took it off a meliai on level 4 of the Lair of Beasts)

   rPois:     It protects you from poison.
   Will:      It increases your willpower.
 A - a +0 pair of boots (worn)
Jewellery
 d - a ring of see invisible
 i - a ring of see invisible
 k - a ring of positive energy (right hand)
 l - a ring of ice
 y - an amulet of reflection (around neck)
Scrolls
 a - 5 scrolls of identify
 m - 6 scrolls of enchant weapon
 t - 2 scrolls of brand weapon
Potions
 b - a potion of mutation
 c - 8 potions of curing
 o - 2 potions of might
 w - a potion of haste

Dungeon Overview and Level Annotations

Branches:
Dungeon (11/15)            Temple (0/1) D:5            Lair (5/5) D:10
  Swamp (0/4) Lair:3       Spider (0/4) Lair:3          Orc (0/2) D:10
  Slime: Lair:4-5

Altars:
Ashenzari
Cheibriados
Elyvilon
Gozag
Hepliaklqana
Qazlal
Sif Muna
Vehumet
Wu Jian
Xom
Yredelemnul
Zin
The Shining One

Shops:
D:3 =

Annotations:
D:4 2 transporters
D:8 3 runed translucent doors, qw's ghost, novice MiBe
D:9 4 runed translucent doors


Message History

You block the death yak's attack. The death yak gores you.
A dream sheep comes into view.
The dream sheep bleats!
You slash the blink frog!
You kill the blink frog!
Trog accepts your kill.
You hit the elephant. You slice the death yak!! You slash the death yak!
The death yak gores you. You block the death yak's attack.
The dream sheep shake their wool and sparkle.
You feel drowsy...
You fall asleep.
The death yak gores you!!!
You wake up.
Ouch! That really hurt!
The death yak gores you! You block the elephant's attack.
The elephant closely misses you.
The dream sheep bleats!
You hear an angry hiss.
You hit the death yak but do no damage.
The death yak is severely wounded.
You barely miss the death yak. You slash the elephant!
You hit the death yak but do no damage.
The death yak gores you but does no damage.
The death yak gores you. x2; You block the elephant's attack. x2
You completely miss the death yak.
You headbutt the death yak, but do no damage.
The death yak is severely wounded.
You closely miss the dream sheep. You hit the death yak but do no damage.
You hit the death yak. You hit the elephant but do no damage.
You block the death yak's attack.
The death yak gores you but does no damage.
You block the death yak's attack. The dream sheep barely misses you.
You block the elephant's attack. x2; The death yak gores you!
You block the death yak's attack. The death yak gores you.
You slash the death yak! You headbutt the death yak.
The death yak is almost dead.
You hit the death yak but do no damage. You completely miss the death yak.
You hit the elephant but do no damage. You slash the dream sheep!
The dream sheep bites you but does no damage.
The elephant tramples you but does no damage.
The elephant trunk-slaps you but does no damage.
The death yak gores you!!
You die...

.....~...~.~.
##.~...Y..~...
##~~~~~~...~~~~ #......#
~~~~~~Y~~~~~~.
##......####~....~..~.
...............YYY..
...............YYY#
..............YY@Y#
.................##
.................$#
....Y.............#
...Y.Y............####
.................##..##
......................#
.####.#.......#...#....#
# .#....#.....#......


You could see 4 death yaks, 2 elephants and 5 dream sheep.

Vanquished Creatures
  Gastronok (Lair:2)
  2 boulder beetles
  3 hydras
  3 death yaks (Lair:5)
  Sonja (Lair:2)
  2 black mambas
  2 elephants
  13 cane toads
  Maggie (D:10)
  A rime drake (Lair:4)
  9 komodo dragons
  A troll (D:8)
  5 meliai (Lair:4)
  A queen bee (Lair:4)
  Grinder (D:6)
  3 hornets
  2 tyrant leeches (Lair:3)
  A polar bear (Lair:4)
  20 blink frogs
  4 dream sheep (Lair:5)
  Sigmund (D:6)
  A shadow (D:10)
  9 wyverns
  4 basilisks
  28 yaks
  3 swamp worms (Lair:3)
  3 steam dragons
  17 water moccasins
  4 orc warriors
  2 ice beasts (D:7)
  3 black bears
  3 centaurs
  19 wolves
  5 ogres
  2 phantoms
  3 kobold brigands
  8 bullfrogs
  A necrophage (D:5)
  A gnoll sergeant (D:9)
  7 scorpions
  14 wights
  35 killer bees
  7 howler monkeys
  2 jellies
  2 gnoll boudas
  4 hounds
  6 orc priests
  Jessica (D:3)
  7 orc wizards
  A hell rat (Lair:4)
  14 gnolls
  4 adders
  A white imp (D:6)
  An ufetubus (D:4)
  A worm (Lair:3)
  4 dart slugs
  52 orcs
  6 endoplasms
  7 giant cockroaches
  10 goblins
  12 hobgoblins
  8 jackals
  18 kobolds
  3 quokkas
  9 ball pythons
  6 bats
  A frilled lizard (D:1)
  4 rats
  A spectral goblin (D:4)
441 creatures vanquished.

Vanquished Creatures (collateral kills)
  2 hydras
  2 manticores (Lair:4)
  2 cane toads
  A meliai (Lair:4)
  A wyvern (Lair:5)
  3 killer bees (Lair:4)
  A jelly (Lair:5)
  A hell rat (Lair:4)
13 creatures vanquished.

Vanquished Creatures (others)
  A gnoll (D:9)
  39 fungi
  92 plants
132 creatures vanquished.

Grand Total: 586 creatures vanquished

Notes
Turn   | Place    | Note
-------+----------+-------------------------------------------
     0 | D:1      | qw the Minotaur Berserker began the quest for the Orb.
     0 | D:1      | Reached XP level 1. HP: 19/19 MP: 0/0
     0 | D:1      | 0 ||| qw: Version: 0.1-a-119-g272c26d
     0 | D:1      | 0 ||| qw: Game counter: 10877
     0 | D:1      | 0 ||| qw: Always use a shield: true
     0 | D:1      | 0 ||| qw: Do Orc after D:15 true
     0 | D:1      | 0 ||| qw: Do second Lair branch before Depths: true
     0 | D:1      | 0 ||| qw: Lair rune preference: random
     0 | D:1      | 0 ||| qw: Plans: Normal
     0 | D:1      | 0 ||| PLANNING D:1-11
   239 | D:1      | 239 ||| Stepping ~*~*~tactically~*~*~ (stealth).
   240 | D:1      | 240 ||| Stepping ~*~*~tactically~*~*~ (stealth).
   249 | D:1      | Reached skill level 4 in Axes
   258 | D:1      | 258 ||| Stepping ~*~*~tactically~*~*~ (stealth).
   262 | D:1      | 262 ||| Stepping ~*~*~tactically~*~*~ (stealth).
   263 | D:1      | 263 ||| Stepping ~*~*~tactically~*~*~ (stealth).
   264 | D:1      | 264 ||| Stepping ~*~*~tactically~*~*~ (stealth).
   285 | D:1      | 285 ||| Stepping ~*~*~tactically~*~*~ (stealth).
   445 | D:1      | Reached XP level 2. HP: 18/26 MP: 1/1
   700 | D:1      | 700 ||| SWAPPING to +0 war axe.
   701 | D:1      | 701 ||| DROPPING +0 hand axe.
  1009 | D:1      | 1009 ||| Stepping ~*~*~tactically~*~*~ (hiding).
  1014 | D:1      | Reached skill level 5 in Axes
  1123 | D:1      | Reached ** piety under Trog
  1125 | D:1      | Reached XP level 3. HP: 24/31 MP: 2/2
  1387 | D:1      | 1387 ||| UPGRADING to +0 chain mail.
  1397 | D:1      | 1397 ||| DROPPING +0 animal skin.
  1398 | D:1      | 1398 ||| READING scroll labelled EMMENL HOPHELU.
  1399 | D:1      | 1399 ||| READING scroll labelled ZERPHO ZUVE KESCH.
  1400 | D:1      | 1400 ||| DRINKING 2 amethyst potions.
  1401 | D:1      | 1401 ||| DRINKING 2 dark potions.
  1402 | D:1      | 1402 ||| DROPPING potion of invisibility.
  1830 | D:2      | 1830 ||| Stepping ~*~*~tactically~*~*~ (stealth).
  1831 | D:2      | 1831 ||| Stepping ~*~*~tactically~*~*~ (stealth).
  1833 | D:2      | 1833 ||| Stepping ~*~*~tactically~*~*~ (stealth).
  1929 | D:2      | 1929 ||| Stepping ~*~*~tactically~*~*~ (stealth).
  2124 | D:2      | 2124 ||| READING 2 scrolls labelled XOMPIT IQOTIU.
  2125 | D:2      | 2125 ||| DRINKING 2 fuming white potions.
  2125 | D:2      | Gained mutation: You are dopey. (Int -2) [potion of
                  | mutation]
  2125 | D:2      | Gained mutation: You are resistant to electric shocks.
                  | (rElec) [potion of mutation]
  2178 | D:3      | Found a glowing silver altar of Zin.
  2377 | D:3      | Found an ornate altar of the Wu Jian Council.
  2459 | D:3      | Found Vuotes's Jewellery Shoppe.
  2471 | D:3      | 2471 ||| SHOPLISTING amulet of reflection (300 gold, have
                  | 153).
  2471 | D:3      | 2471 ||| SHOPLISTING ring of positive energy (200 gold,
                  | have 153).
  2471 | D:3      | 2471 ||| SHOPLISTING ring of protection from fire (250
                  | gold, have 153).
  2471 | D:3      | 2471 ||| BUYING ring of see invisible (150 gold).
  2471 | D:3      | Bought a ring of see invisible for 150 gold pieces
  2516 | D:3      | Noticed Jessica
  2519 | D:3      | Killed Jessica
  2520 | D:3      | Reached skill level 6 in Axes
  2520 | D:3      | Reached XP level 4. HP: 39/39 MP: 3/3
  2554 | D:3      | 2554 ||| Stepping ~*~*~tactically~*~*~ (hiding).
  2556 | D:3      | 2556 ||| Stepping ~*~*~tactically~*~*~ (stealth).
  2579 | D:3      | 2579 ||| Stepping ~*~*~tactically~*~*~ (stealth).
  2602 | D:3      | 2602 ||| Stepping ~*~*~tactically~*~*~ (stealth).
  2603 | D:3      | 2603 ||| Stepping ~*~*~tactically~*~*~ (stealth).
  2604 | D:3      | 2604 ||| Stepping ~*~*~tactically~*~*~ (stealth).
  2610 | D:3      | 2610 ||| Stepping ~*~*~tactically~*~*~ (stealth).
  2612 | D:3      | 2612 ||| Stepping ~*~*~tactically~*~*~ (stealth).
  2614 | D:3      | 2614 ||| Stepping ~*~*~tactically~*~*~ (stealth).
  2622 | D:3      | 2622 ||| Stepping ~*~*~tactically~*~*~ (stealth).
  2708 | D:3      | 2708 ||| Stepping ~*~*~tactically~*~*~ (stealth).
  2712 | D:3      | 2712 ||| Stepping ~*~*~tactically~*~*~ (stealth).
  2716 | D:3      | 2716 ||| Stepping ~*~*~tactically~*~*~ (stealth).
  2813 | D:3      | 2813 ||| Stepping ~*~*~tactically~*~*~ (stealth).
  2822 | D:3      | 2822 ||| Stepping ~*~*~tactically~*~*~ (hiding).
  2827 | D:3      | 2827 ||| INVOKING Berserk.
  2829 | D:3      | Reached skill level 7 in Axes
  2829 | D:3      | Reached XP level 5. HP: 45/45 MP: 4/4
  3067 | D:3      | 3067 ||| UPGRADING to ring of see invisible.
  3068 | D:3      | 3068 ||| UPGRADING to ring of positive energy.
  3069 | D:3      | 3069 ||| READING scroll labelled TUARIE VOLO.
  3070 | D:3      | 3070 ||| READING 2 scrolls labelled ROALUPR RAIVVE.
  3071 | D:3      | 3071 ||| READING scroll labelled URUSHR JAORICW.
  3072 | D:3      | 3072 ||| DRINKING 2 fuming ruby potions.
  3073 | D:3      | 3073 ||| DRINKING 2 bubbling black potions.
  3094 | D:3      | 3094 ||| READING 2 scrolls of identify.
  3094 | D:3      | 3094 ||| IDENTIFYING blue potion
  3095 | D:3      | 3095 ||| DROPPING potion of degeneration.
  3096 | D:3      | 3096 ||| DROPPING potion of lignification.
  3097 | D:3      | 3097 ||| DROPPING scroll of blinking.
  3128 | D:4      | Noticed a black bear
  3130 | D:4      | 3130 ||| INVOKING Berserk.
  3134 | D:4      | Killed a black bear
  3222 | D:4      | 3222 ||| Stepping ~*~*~tactically~*~*~ (stealth).
  3224 | D:4      | 3224 ||| Stepping ~*~*~tactically~*~*~ (hiding).
  3226 | D:4      | 3226 ||| Stepping ~*~*~tactically~*~*~ (hiding).
  3232 | D:4      | Reached *** piety under Trog
  3260 | D:4      | 3260 ||| Stepping ~*~*~tactically~*~*~ (stealth).
  3262 | D:4      | Found a snail-covered altar of Cheibriados.
  3269 | D:4      | 3269 ||| Stepping ~*~*~tactically~*~*~ (stealth).
  3272 | D:4      | 3272 ||| Stepping ~*~*~tactically~*~*~ (stealth).
  3281 | D:4      | 3281 ||| Stepping ~*~*~tactically~*~*~ (stealth).
  3282 | D:4      | 3282 ||| Stepping ~*~*~tactically~*~*~ (stealth).
  3288 | D:4      | 3288 ||| Stepping ~*~*~tactically~*~*~ (stealth).
  3291 | D:4      | 3291 ||| INVOKING Berserk.
  3295 | D:4      | Reached XP level 6. HP: 56/56 MP: 5/5
  3416 | D:4      | 3416 ||| DROPPING +0 whip.
  3470 | D:4      | 3470 ||| INVOKING Berserk.
  3474 | D:4      | Reached skill level 8 in Axes
  3486 | D:4      | 3486 ||| FLEEEEING.
  3487 | D:4      | 3487 ||| STAIRDANCE
  3589 | D:3      | 3589 ||| READING scroll labelled NUENKI ATIU.
  3593 | D:3      | 3593 ||| READING 2 scrolls of identify.
  3593 | D:3      | 3593 ||| IDENTIFYING orange potion
  3671 | D:4      | Found a transporter.
  3673 | D:4      | Noticed a hornet
  3676 | D:4      | Found a basalt altar of Yredelemnul.
  3678 | D:4      | Found a transporter.
  3716 | D:4      | 3716 ||| Stepping ~*~*~tactically~*~*~ (stealth).
  3734 | D:4      | 3734 ||| Stepping ~*~*~tactically~*~*~ (stealth).
  3735 | D:4      | 3735 ||| DROPPING +0 flail.
  3737 | D:4      | 3737 ||| Stepping ~*~*~tactically~*~*~ (stealth).
  3742 | D:4      | 3742 ||| Stepping ~*~*~tactically~*~*~ (stealth).
  3830 | D:4      | 3830 ||| Stepping ~*~*~tactically~*~*~ (hiding).
  3833 | D:4      | 3833 ||| Stepping ~*~*~tactically~*~*~ (hiding).
  3843 | D:4      | 3843 ||| Stepping ~*~*~tactically~*~*~ (stealth).
  3866 | D:4      | 3866 ||| Stepping ~*~*~tactically~*~*~ (stealth).
  3867 | D:4      | 3867 ||| Stepping ~*~*~tactically~*~*~ (stealth).
  3868 | D:4      | 3868 ||| Stepping ~*~*~tactically~*~*~ (stealth).
  3874 | D:4      | 3874 ||| INVOKING Berserk.
  3876 | D:4      | Reached XP level 7. HP: 61/61 MP: 6/6
  3879 | D:4      | Reached skill level 9 in Axes
  4080 | D:4      | Reached skill level 3 in Armour
  4181 | D:4      | Found a hazy altar of Hepliaklqana.
  4324 | D:4      | 4324 ||| READING scroll labelled BUSOIFR PEMI.
  4325 | D:4      | 4325 ||| DROPPING +2 flail of protection.
  4326 | D:4      | 4326 ||| READING scroll labelled NONGIB NOSI.
  4342 | D:5      | Entered Level 5 of the Dungeon
  4393 | D:5      | Found a staircase to the Ecumenical Temple.
  4394 | D:5      | 4394 ||| Stepping ~*~*~tactically~*~*~ (hiding).
  4399 | D:5      | 4399 ||| INVOKING Berserk.
  4514 | D:5      | Identified the +1 leather armour "Lutz" {rF+ rC++ Regen+
                  | SInv}
  4535 | D:5      | 4535 ||| INVOKING Berserk.
  4537 | D:5      | Reached skill level 10 in Axes
  4883 | D:5      | Reached skill level 6 in Fighting
  4884 | D:5      | 4884 ||| INVOKING Berserk.
  5056 | D:5      | 5056 ||| INVOKING Berserk.
  5059 | D:5      | Reached XP level 8. HP: 70/70 MP: 7/7
  5285 | D:5      | Reached **** piety under Trog
  5307 | D:5      | 5307 ||| INVOKING Berserk.
  5310 | D:5      | Reached skill level 11 in Axes
  5473 | D:5      | 5473 ||| READING scroll labelled PUDIJA ZAKHLI.
  5474 | D:5      | 5474 ||| READING scroll of teleportation.
  5491 | D:6      | 5491 ||| STAIRDANCE
  5512 | D:6      | Identified the +5 broad axe "Xuatusit" {vorpal, rElec rN+
                  | SInv}
  5514 | D:6      | 5514 ||| SWAPPING to +5 broad axe "Xuatusit" {vorpal, rElec
                  | rN+ SInv}.
  5515 | D:6      | 5515 ||| REMOVING ring of see invisible.
  5554 | D:6      | 5554 ||| INVOKING Berserk.
  5563 | D:6      | Noticed Grinder
  5564 | D:6      | 5564 ||| INVOKING Trog's Hand.
  5574 | D:6      | Killed Grinder
  5575 | D:6      | Reached skill level 12 in Axes
  5633 | D:6      | 5633 ||| DRINKING 5 potions of curing.
  5633 | D:6      | 5633 ||| (to cure confusion)
  5634 | D:6      | 5634 ||| Stepping ~*~*~tactically~*~*~ (hiding).
  5666 | D:6      | Noticed Sigmund
  5667 | D:6      | 5667 ||| INVOKING Berserk.
  5673 | D:6      | Killed Sigmund
  5772 | D:6      | 5772 ||| Stepping ~*~*~tactically~*~*~ (stealth).
  5773 | D:6      | 5773 ||| Stepping ~*~*~tactically~*~*~ (stealth).
  5777 | D:6      | 5777 ||| INVOKING Berserk.
  5897 | D:6      | 5897 ||| Stepping ~*~*~tactically~*~*~ (hiding).
  5899 | D:6      | 5899 ||| Stepping ~*~*~tactically~*~*~ (hiding).
  5900 | D:6      | 5900 ||| Stepping ~*~*~tactically~*~*~ (hiding).
  5914 | D:6      | Found a white marble altar of Elyvilon.
  6060 | D:6      | Found a stormy altar of Qazlal.
  6285 | D:7      | 6285 ||| INVOKING Berserk.
  6292 | D:7      | Reached skill level 1 in Throwing
  6297 | D:7      | Reached XP level 9. HP: 57/78 MP: 8/8
  6332 | D:7      | 6332 ||| Stepping ~*~*~tactically~*~*~ (stealth).
  6333 | D:7      | 6333 ||| Stepping ~*~*~tactically~*~*~ (stealth).
  6429 | D:7      | 6429 ||| Stepping ~*~*~tactically~*~*~ (hiding).
  6430 | D:7      | 6430 ||| INVOKING Berserk.
  6624 | D:7      | 6624 ||| Stepping ~*~*~tactically~*~*~ (stealth).
  6722 | D:7      | 6722 ||| Stepping ~*~*~tactically~*~*~ (hiding).
  6725 | D:7      | 6725 ||| INVOKING Berserk.
  6733 | D:7      | Reached skill level 13 in Axes
  6870 | D:7      | 6870 ||| Stepping ~*~*~tactically~*~*~ (hiding).
  6960 | D:7      | 6960 ||| Stepping ~*~*~tactically~*~*~ (stealth).
  6973 | D:7      | 6973 ||| FLEEEEING.
  6974 | D:7      | 6974 ||| FLEEEEING.
  6975 | D:7      | 6975 ||| FLEEEEING.
  6976 | D:7      | 6976 ||| FLEEEEING.
  6977 | D:7      | 6977 ||| FLEEEEING.
  6978 | D:7      | 6978 ||| FLEEEEING.
  6979 | D:7      | 6979 ||| FLEEEEING.
  6980 | D:7      | 6980 ||| FLEEEEING.
  6981 | D:7      | 6981 ||| FLEEEEING.
  6982 | D:7      | 6982 ||| FLEEEEING.
  6983 | D:7      | 6983 ||| FLEEEEING.
  6985 | D:7      | 6985 ||| FLEEEEING.
  6986 | D:7      | 6986 ||| FLEEEEING.
  6987 | D:7      | 6987 ||| FLEEEEING.
  6988 | D:7      | 6988 ||| FLEEEEING.
  6989 | D:7      | 6989 ||| FLEEEEING.
  6990 | D:7      | 6990 ||| FLEEEEING.
  7066 | D:7      | 7066 ||| Stepping ~*~*~tactically~*~*~ (stealth).
  7072 | D:7      | 7072 ||| Stepping ~*~*~tactically~*~*~ (stealth).
  7179 | D:7      | 7179 ||| Stepping ~*~*~tactically~*~*~ (stealth).
  7185 | D:7      | Reached skill level 3 in Dodging
  7223 | D:7      | 7223 ||| Stepping ~*~*~tactically~*~*~ (hiding).
  7226 | D:7      | 7226 ||| Stepping ~*~*~tactically~*~*~ (hiding).
  7228 | D:7      | 7228 ||| INVOKING Berserk.
  7680 | D:7      | Found a broken altar of Ashenzari.
  7846 | D:7      | 7846 ||| UPGRADING to +0 plate armour.
  7856 | D:7      | 7856 ||| DROPPING +0 chain mail.
  7857 | D:7      | 7857 ||| READING scroll labelled HIURUR IJATO.
  7858 | D:7      | 7858 ||| READING 3 scrolls of identify.
  7858 | D:7      | 7858 ||| IDENTIFYING viscous orange potion
  7859 | D:7      | 7859 ||| READING 2 scrolls of identify.
  7859 | D:7      | 7859 ||| IDENTIFYING fuming golden potion
  7860 | D:7      | 7860 ||| DRINKING potion of experience.
  7860 | D:7      | Reached XP level 10. HP: 88/88 MP: 9/9
  7861 | D:7      | 7861 ||| DROPPING potion of attraction.
  7988 | D:8      | 7988 ||| INVOKING Berserk.
  8148 | D:8      | 8148 ||| Stepping ~*~*~tactically~*~*~ (hiding).
  8604 | D:8      | 8604 ||| Stepping ~*~*~tactically~*~*~ (hiding).
  8608 | D:8      | Found a runed translucent gate.
  8608 | D:8      | Found a runed translucent gate.
  8608 | D:8      | Found a runed translucent gate.
  8632 | D:8      | Found an opulent altar of Gozag.
  8633 | D:8      | Noticed a two-headed ogre
  8633 | D:8      | Noticed a death knight
  8634 | D:8      | Noticed qw's ghost (novice MiBe)
  8749 | D:8      | 8749 ||| INVOKING Berserk.
  8868 | D:8      | 8868 ||| INVOKING Berserk.
  8871 | D:8      | Reached skill level 14 in Axes
  9255 | D:8      | 9255 ||| READING scroll labelled QAPLUVV USTRU.
  9455 | D:9      | 9455 ||| Stepping ~*~*~tactically~*~*~ (stealth).
  9497 | D:9      | 9497 ||| INVOKING Berserk.
  9498 | D:9      | Found an opulent altar of Gozag.
  9716 | D:9      | Found a huge runed translucent gate.
  9717 | D:9      | Found a huge runed translucent gate.
  9717 | D:9      | Found a huge runed translucent gate.
  9717 | D:9      | Found a huge runed translucent gate.
  9717 | D:9      | Noticed a manticore
  9819 | D:9      | Found a shimmering blue altar of Sif Muna.
  9919 | D:9      | 9919 ||| UPGRADING to +0 kite shield.
  9924 | D:9      | 9924 ||| DRINKING 2 glowing clear potions.
  9925 | D:9      | 9925 ||| READING 2 scrolls of identify.
  9925 | D:9      | 9925 ||| IDENTIFYING green potion
  9926 | D:9      | 9926 ||| DROPPING potion of brilliance.
 10213 | D:8      | Found a shimmering altar of Xom.
 10213 | D:8      | Found a radiant altar of Vehumet.
 10216 | D:8      | Found a glowing golden altar of the Shining One.
 10240 | D:10     | Entered Level 10 of the Dungeon
 10245 | D:10     | 10245 ||| STAIRDANCE
 10281 | D:10     | Reached skill level 1 in Shields
 10281 | D:10     | Reached XP level 11. HP: 94/94 MP: 10/10
 10327 | D:10     | 10327 ||| Stepping ~*~*~tactically~*~*~ (stealth).
 10354 | D:10     | 10354 ||| Stepping ~*~*~tactically~*~*~ (stealth).
 10356 | D:10     | 10356 ||| Stepping ~*~*~tactically~*~*~ (hiding).
 10431 | D:10     | 10431 ||| INVOKING Berserk.
 10433 | D:10     | Reached skill level 3 in Shields
 10515 | D:10     | 10515 ||| Stepping ~*~*~tactically~*~*~ (stealth).
 10517 | D:10     | 10517 ||| Stepping ~*~*~tactically~*~*~ (stealth).
 10527 | D:10     | 10527 ||| INVOKING Berserk.
 10590 | D:10     | 10590 ||| INVOKING Berserk.
 10649 | D:10     | 10649 ||| FLEEEEING.
 10651 | D:10     | 10651 ||| FLEEEEING.
 10652 | D:10     | 10652 ||| FLEEEEING.
 10653 | D:10     | 10653 ||| FLEEEEING.
 10656 | D:10     | 10656 ||| STAIRDANCE
 10879 | D:10     | 10879 ||| INVOKING Berserk.
 11018 | D:10     | 11018 ||| FLEEEEING.
 11080 | D:10     | Found a staircase to the Orcish Mines.
 11084 | D:10     | Noticed Maggie
 11092 | D:10     | Killed Maggie
 11093 | D:10     | 11093 ||| INVOKING Berserk.
 11180 | D:10     | Found a staircase to the Lair.
 11222 | D:10     | You fall into a shaft and drop 1 floor!
 11291 | D:11     | Reached skill level 6 in Shields
 11320 | D:11     | 11320 ||| UPGRADING to +0 cloak.
 11325 | D:11     | 11325 ||| READING scroll labelled ENNAMM FISA.
 11513 | D:10     | 11513 ||| PLANNING LAIR
 11556 | Lair:1   | Entered Level 1 of the Lair of Beasts
 11929 | Lair:1   | 11929 ||| INVOKING Berserk.
 12492 | Lair:1   | 12492 ||| UPGRADING to +0 pair of gloves.
 12497 | Lair:1   | 12497 ||| READING scroll labelled UKHLAAH DOUZ.
 12498 | Lair:1   | 12498 ||| READING scroll labelled JITING MEISCHEIT.
 12538 | Lair:2   | 12538 ||| Stepping ~*~*~tactically~*~*~ (stealth).
 12543 | Lair:2   | 12543 ||| Stepping ~*~*~tactically~*~*~ (stealth).
 12544 | Lair:2   | 12544 ||| Stepping ~*~*~tactically~*~*~ (stealth).
 12548 | Lair:2   | 12548 ||| Stepping ~*~*~tactically~*~*~ (stealth).
 12550 | Lair:2   | 12550 ||| Stepping ~*~*~tactically~*~*~ (stealth).
 12625 | Lair:2   | 12625 ||| Stepping ~*~*~tactically~*~*~ (stealth).
 12649 | Lair:2   | 12649 ||| INVOKING Berserk.
 12651 | Lair:2   | Reached skill level 9 in Shields
 12670 | Lair:2   | 12670 ||| Stepping ~*~*~tactically~*~*~ (stealth).
 12731 | Lair:2   | 12731 ||| Stepping ~*~*~tactically~*~*~ (stealth).
 12733 | Lair:2   | 12733 ||| Stepping ~*~*~tactically~*~*~ (stealth).
 12739 | Lair:2   | 12739 ||| INVOKING Berserk.
 12902 | Lair:2   | 12902 ||| Stepping ~*~*~tactically~*~*~ (stealth).
 12908 | Lair:2   | 12908 ||| INVOKING Berserk.
 13174 | Lair:2   | Noticed Sonja
 13175 | Lair:2   | Noticed Gastronok
 13177 | Lair:2   | 13177 ||| INVOKING Berserk.
 13184 | Lair:2   | Killed Gastronok
 13193 | Lair:2   | Killed Sonja
 13194 | Lair:2   | Reached skill level 15 in Axes
 13195 | Lair:2   | HP: 21/94 [poisoned by Sonja]
 13196 | Lair:2   | 13196 ||| DRINKING 8 potions of curing.
 13196 | Lair:2   | 13196 ||| (to cure poison)
 13497 | Lair:2   | Noticed an eight-headed hydra
 13498 | Lair:2   | 13498 ||| INVOKING Brothers in Arms.
 13501 | Lair:2   | 13501 ||| INVOKING Brothers in Arms.
 13502 | Lair:2   | 13502 ||| SWAPPING to +1 war axe of flaming.
 13503 | Lair:2   | 13503 ||| INVOKING Berserk.
 13507 | Lair:2   | Killed a five-headed hydra
 13555 | Lair:2   | 13555 ||| SWAPPING to +5 broad axe "Xuatusit" {vorpal,
                  | rElec rN+ SInv}.
 13588 | Lair:2   | 13588 ||| Stepping ~*~*~tactically~*~*~ (stealth).
 13599 | Lair:2   | Reached XP level 12. HP: 100/103 MP: 11/11
 13606 | Lair:2   | Reached skill level 9 in Fighting
 13658 | Lair:2   | 13658 ||| INVOKING Berserk.
 14032 | Lair:2   | 14032 ||| UPGRADING to +1 hat.
 14037 | Lair:2   | 14037 ||| DROPPING amulet of faith.
 14038 | Lair:2   | 14038 ||| UPGRADING to amulet of reflection.
 14043 | Lair:2   | 14043 ||| READING 3 scrolls of identify.
 14043 | Lair:2   | 14043 ||| IDENTIFYING bubbling puce potion
 14044 | Lair:2   | 14044 ||| READING 2 scrolls of identify.
 14044 | Lair:2   | 14044 ||| IDENTIFYING silvery potion
 14045 | Lair:2   | 14045 ||| DROPPING potion of flight.
 14046 | Lair:2   | 14046 ||| DROPPING potion of berserk rage.
 14073 | Lair:3   | 14073 ||| INVOKING Berserk.
 14221 | Lair:3   | 14221 ||| Stepping ~*~*~tactically~*~*~ (stealth).
 14222 | Lair:3   | 14222 ||| Stepping ~*~*~tactically~*~*~ (stealth).
 14223 | Lair:3   | 14223 ||| INVOKING Berserk.
 14233 | Lair:3   | Reached skill level 16 in Axes
 14261 | Lair:3   | 14261 ||| FLEEEEING.
 14265 | Lair:3   | 14265 ||| FLEEEEING.
 14267 | Lair:3   | 14267 ||| FLEEEEING.
 14268 | Lair:3   | 14268 ||| STAIRDANCE
 14345 | Lair:3   | Noticed a five-headed hydra
 14346 | Lair:3   | 14346 ||| Stepping ~*~*~tactically~*~*~ (stealth).
 14348 | Lair:3   | 14348 ||| INVOKING Brothers in Arms.
 14349 | Lair:3   | 14349 ||| SWAPPING to +1 war axe of flaming.
 14351 | Lair:3   | 14351 ||| INVOKING Berserk.
 14354 | Lair:3   | Killed a two-headed hydra
 14365 | Lair:3   | Noticed a five-headed hydra
 14366 | Lair:3   | 14366 ||| Stepping ~*~*~tactically~*~*~ (stealth).
 14367 | Lair:3   | 14367 ||| SWAPPING to +5 broad axe "Xuatusit" {vorpal,
                  | rElec rN+ SInv}.
 14369 | Lair:3   | 14369 ||| FLEEEEING.
 14375 | Lair:3   | 14375 ||| STAIRDANCE
 14592 | Lair:3   | 14592 ||| Stepping ~*~*~tactically~*~*~ (stealth).
 14605 | Lair:3   | Found a hole to the Spider Nest.
 14605 | Lair:3   | Noticed a boulder beetle
 14608 | Lair:3   | 14608 ||| INVOKING Berserk.
 14623 | Lair:3   | Killed a boulder beetle
 14714 | Lair:3   | 14714 ||| INVOKING Brothers in Arms.
 14717 | Lair:3   | 14717 ||| SWAPPING to +1 war axe of flaming.
 14718 | Lair:3   | 14718 ||| INVOKING Berserk.
 14719 | Lair:3   | Killed a four-headed hydra
 14728 | Lair:3   | 14728 ||| SWAPPING to +5 broad axe "Xuatusit" {vorpal,
                  | rElec rN+ SInv}.
 14869 | Lair:3   | Reached skill level 17 in Axes
 14871 | Lair:3   | 14871 ||| INVOKING Berserk.
 15016 | Lair:3   | Found a staircase to the Swamp.
 15051 | Lair:3   | 15051 ||| Stepping ~*~*~tactically~*~*~ (hiding).
 15055 | Lair:3   | 15055 ||| INVOKING Berserk.
 15320 | Lair:3   | 15320 ||| INVOKING Berserk.
 15451 | Lair:3   | 15451 ||| INVOKING Berserk.
 15635 | Lair:3   | 15635 ||| UPGRADING to +1 cloak.
 15645 | Lair:3   | 15645 ||| DROPPING +0 cloak.
 15809 | Lair:4   | 15809 ||| INVOKING Berserk.
 16061 | Lair:4   | 16061 ||| Stepping ~*~*~tactically~*~*~ (stealth).
 16063 | Lair:4   | 16063 ||| INVOKING Berserk.
 16188 | Lair:4   | 16188 ||| READING scroll of enchant armour.
 16188 | Lair:4   | 16188 ||| ENCHANTING +0 pair of gloves.
 16210 | Lair:4   | 16210 ||| INVOKING Berserk.
 16465 | Lair:4   | 16465 ||| INVOKING Berserk.
 16477 | Lair:4   | 16477 ||| Stepping ~*~*~tactically~*~*~ (stealth).
 16481 | Lair:4   | 16481 ||| Stepping ~*~*~tactically~*~*~ (stealth).
 16548 | Lair:4   | 16548 ||| Stepping ~*~*~tactically~*~*~ (stealth).
 16560 | Lair:4   | 16560 ||| Stepping ~*~*~tactically~*~*~ (stealth).
 16576 | Lair:4   | 16576 ||| Stepping ~*~*~tactically~*~*~ (stealth).
 16604 | Lair:4   | Identified the quicksilver dragon scales "Voant" {rPois
                  | Will+}
 16605 | Lair:4   | 16605 ||| INVOKING Berserk.
 16648 | Lair:4   | Reached XP level 13. HP: 80/113 MP: 12/12
 16703 | Lair:4   | 16703 ||| INVOKING Berserk.
 16712 | Lair:4   | Reached skill level 18 in Axes
 16866 | Lair:4   | 16866 ||| INVOKING Brothers in Arms.
 16867 | Lair:4   | 16867 ||| INVOKING Brothers in Arms.
 16868 | Lair:4   | 16868 ||| SWAPPING to +1 war axe of flaming.
 16869 | Lair:4   | 16869 ||| INVOKING Berserk.
 16878 | Lair:4   | 16878 ||| SWAPPING to +5 broad axe "Xuatusit" {vorpal,
                  | rElec rN+ SInv}.
 16931 | Lair:4   | 16931 ||| Stepping ~*~*~tactically~*~*~ (stealth).
 16971 | Lair:4   | 16971 ||| Stepping ~*~*~tactically~*~*~ (stealth).
 16972 | Lair:4   | 16972 ||| Stepping ~*~*~tactically~*~*~ (stealth).
 16974 | Lair:4   | 16974 ||| Stepping ~*~*~tactically~*~*~ (hiding).
 17009 | Lair:4   | 17009 ||| Stepping ~*~*~tactically~*~*~ (stealth).
 17011 | Lair:4   | 17011 ||| Stepping ~*~*~tactically~*~*~ (stealth).
 17030 | Lair:4   | 17030 ||| INVOKING Berserk.
 17324 | Lair:4   | 17324 ||| Stepping ~*~*~tactically~*~*~ (stealth).
 17438 | Lair:4   | 17438 ||| DROPPING +1 leather armour "Lutz" {rF+ rC++
                  | Regen+ SInv}.
 17439 | Lair:4   | 17439 ||| UPGRADING to +2 plate armour of cold resistance.
 17449 | Lair:4   | 17449 ||| DROPPING +0 plate armour.
 17450 | Lair:4   | 17450 ||| UPGRADING to +0 pair of boots.
 17455 | Lair:4   | 17455 ||| DROPPING ring of magical power.
 17498 | Lair:5   | Entered Level 5 of the Lair of Beasts
 17502 | Lair:5   | 17502 ||| INVOKING Berserk.
 17505 | Lair:5   | Reached skill level 12 in Shields
 17526 | Lair:5   | HP: 28/116 [dream sheep[a torpor snail] (7)]
 17527 | Lair:5   | 17527 ||| READING 3 scrolls of teleportation.
 17528 | Lair:5   | HP: 13/117 [poisoned by a water moccasin]
 17529 | Lair:5   | 17529 ||| DRINKING 5 potions of heal wounds.
 17530 | Lair:5   | 17530 ||| DRINKING 4 potions of heal wounds.
 17533 | Lair:5   | 17533 ||| READING 2 scrolls of teleportation.
 17533 | Lair:5   | HP: 11/117 [poisoned by a cane toad]
 17534 | Lair:5   | 17534 ||| DRINKING 3 potions of heal wounds.
 17535 | Lair:5   | 17535 ||| DRINKING 2 potions of heal wounds.
 17535 | Lair:5   | Paralysed by a hornet for 2 turns
 17537 | Lair:5   | 17537 ||| DRINKING potion of heal wounds.
 17538 | Lair:5   | 17538 ||| DRINKING 8 potions of curing.
 17538 | Lair:5   | 17538 ||| (to cure poison)
 17539 | Lair:5   | 17539 ||| READING scroll of teleportation.
 17542 | Lair:5   | HP: 21/117 [elephant (5)]
 17551 | Lair:5   | HP: 5/117 [yak (9)]
 17553 | Lair:5   | Reached skill level 12 in Fighting
 17585 | Lair:5   | 17585 ||| Stepping ~*~*~tactically~*~*~ (stealth).
 17586 | Lair:5   | 17586 ||| Stepping ~*~*~tactically~*~*~ (stealth).
 17588 | Lair:5   | 17588 ||| Stepping ~*~*~tactically~*~*~ (stealth).
 17590 | Lair:5   | 17590 ||| INVOKING Berserk.
 17715 | Lair:5   | 17715 ||| INVOKING Berserk.
 17771 | Lair:5   | 17771 ||| INVOKING Berserk.
 17833 | Lair:5   | 17833 ||| INVOKING Berserk.
 18106 | Lair:5   | 18106 ||| INVOKING Berserk.
 18311 | Lair:5   | 18311 ||| INVOKING Brothers in Arms.
 18313 | Lair:5   | 18313 ||| SWAPPING to +1 war axe of flaming.
 18314 | Lair:5   | 18314 ||| INVOKING Berserk.
 18317 | Lair:5   | Reached skill level 3 in Throwing
 18320 | Lair:5   | 18320 ||| SWAPPING to +5 broad axe "Xuatusit" {vorpal,
                  | rElec rN+ SInv}.
 18392 | Lair:5   | 18392 ||| Stepping ~*~*~tactically~*~*~ (stealth).
 18458 | Lair:5   | 18458 ||| INVOKING Berserk.
 18486 | Lair:5   | HP: 27/118 [death yak (5)]
 18487 | Lair:5   | HP: 12/118 [death yak (10)]
 18488 | Lair:5   | Mangled by a death yak

Levels and vault maps discovered:
D:1:      dpeg_arrival_circle_labyrinth_c, layout_basic, kennysheep_doodads,
          st_stairs_6
D:2:      layout_basic
D:3:      layout_loops_ring, marbit_many_paths, zin_academy, serial_shops,
          nicolae_diamond_shop, kennysheep_pointless_box, st_stairs_5,
          kennysheep_generic_room_16, uniq_jessica
D:4:      layout_rooms, nicolae_hepliaklqana_monster_ancestors,
          gammafunk_temple_overflow_arena, kennysheep_slug_shrine,
          grunt_decor_junction
D:5:      layout_basic, minmay_temple_entry_proselytizer
D:6:      layout_rooms, nicolae_qazlal_general_emergency, elyvilon_altar_3,
          uniq_grinder, uniq_sigmund
D:7:      layout_loops_corners, mainiacjoe_overflow_alcove_4, st_stairs_12
D:8:      layout_cave_pods, nicolae_overflow_hidden_temple, ebering_ghost_gozag,
          grunt_ogre_cave
D:9:      lemuel_bear_cage, layout_cross, mainiacjoe_overflow_paths,
          nicolae_sif_muna_little_library, serial_column_ruins,
          column_ruins_hut, column_ruins_open_small, column_ruins_grid_1,
          column_ruins_columns_corner, column_ruins_open_small_water,
          column_ruins_columns_T
D:10:     layout_cave_pools, lair_entry_dummy, orc_david_3, uniq_maggie
D:11:     layout_stronghold
Lair:1:   layout_regular_city
Lair:2:   layout_regular_city, grunt_megastairs_1, infiniplex_staircase_pool_2,
          lemuel_fruit_tree, uniq_gastronok, uniq_sonja
Lair:3:   layout_hall_layers, minmay_swamp_entry_worms,
          nicolae_spider_entry_non_spiders, infiniplex_staircase_pool,
          grunt_megastairs_2
Lair:4:   regret_index_combs_of_tragedy, layout_cave_pods
Lair:5:   guppyfry_lair_end_dragon, layout_small_grid,
          hangedman_lair_tendril_chambers, minmay_slime_entry_pillars,
          chequers_serial_rivers_small_3

Skill      XL: |  1  2  3  4  5  6  7  8  9 10 11 12 13 |
---------------+----------------------------------------+-----
Axes           | 4 5 6 7 8 10 12 13 14 15 17 18 | 18.0
Fighting       | 5 6 8 10 12 | 12.1
Armour         | 3 5 13 | 13.4
Throwing       | 1 2 5 |  5.2
Dodging        | 3 5 |  5.0
Shields        | 1 10 11 13 | 13.2

Action                   |  1- 3 |  4- 6 |  7- 9 | 10-12 | 13-15 || total
-------------------------+-------+-------+-------+-------+-------++-------
Melee: Hand axe          |    32 |       |       |       |       ||    32
       Headbutt          |    12 |     9 |    13 |    59 |    31 ||   124
       War axe           |    55 |    96 |    54 |    13 |     5 ||   223
       Punch             |       |     1 |     3 |       |       ||     4
       Broad axe         |       |       |    78 |   379 |   197 ||   654
Throw: Boomerang         |       |       |    31 |   117 |    26 ||   174
       Javelin           |       |       |       |       |     6 ||     6
Invok: Berserk           |       |     5 |    12 |    30 |    11 ||    58
       Trog's Hand       |       |       |     1 |       |       ||     1
       Brothers in Arms  |       |       |       |     4 |     2 ||     6
  Use: Scroll            |     3 |     6 |     7 |     8 |     3 ||    27
       Potion            |     3 |     2 |     2 |     2 |     6 ||    15
 Stab: Distracted        |       |       |       |       |     4 ||     4
Armor: Animal skin       |    11 |       |       |       |       ||    11
       Chain mail        |    14 |    50 |    40 |       |       ||   104
       Plate armour      |       |       |       |   149 |   104 ||   253
Dodge: Dodged            |    43 |    30 |    46 |    99 |    52 ||   270
Block: Kite shield       |       |       |       |   135 |   178 ||   313

Table legend:
 A = Non-vault XP
 B = Vault XP
 C = Vault XP percentage of total XP
 D = Non-vault monster count
 E = Vault monster count
 F = Vault count percentage of total count
                 A         B        C        D         E       F
            +---------+---------+-------+---------+---------+-------
      Total |   35306 |   23270 |  39.7 |     328 |     126 |  27.8
            +---------+---------+-------+---------+---------+-------
        D:1 |      40 |       4 |   9.1 |      23 |       2 |   8.0
        D:2 |      19 |       0 |   0.0 |       9 |       0 |   0.0
        D:3 |      99 |      53 |  34.9 |      23 |       9 |  28.1
        D:4 |     729 |       7 |   1.0 |      39 |       3 |   7.1
        D:5 |     826 |      44 |   5.1 |      23 |       1 |   4.2
        D:6 |     331 |     534 |  61.7 |       8 |       2 |  20.0
        D:7 |    1530 |      70 |   4.4 |      34 |       1 |   2.9
        D:8 |    1390 |     121 |   8.0 |      23 |       1 |   4.2
        D:9 |     924 |       0 |   0.0 |      14 |       0 |   0.0
       D:10 |    1926 |     646 |  25.1 |      29 |       6 |  17.1
       D:11 |     288 |       0 |   0.0 |       1 |       0 |   0.0
     Lair:1 |    1740 |       0 |   0.0 |      11 |       0 |   0.0
     Lair:2 |    4793 |    3195 |  40.0 |      21 |       5 |  19.2
     Lair:3 |    5609 |    4047 |  41.9 |      23 |      19 |  45.2
     Lair:4 |    3215 |    9759 |  75.2 |      15 |      57 |  79.2
     Lair:5 |   11847 |    4790 |  28.8 |      32 |      20 |  38.5
            +---------+---------+-------+---------+---------+-------
